 Dungeon Crawl Stone Soup version 0.30-a0-859-gf88a04b62d (webtiles) character file.

Game seed: 18391959676393510203

522 IdlyInterested the Ruffian (level 7, -10/52 HPs)
             Began as a Demonspawn Fighter on Mar 6, 2023.
             Killed by divine providence
             ... invoked by an orc priest
              (16 damage)
             ... on level 4 of the Dungeon.
             The game lasted 00:10:05 (2875 turns).

IdlyInterested the Ruffian (Demonspawn Fighter)     Turns: 2875, Time: 00:10:06

Health: -10/52     AC: 13    Str: 17    XL:     7   Next: 1%
Magic:  7/7        EV:  5    Int:  9    God:
Gold:   92         SH:  0    Dex: 14    Spells: 6/6 levels left

rFire   . . .      SeeInvis .    a - +0 long sword (chaos)
rCold   . . .      Faith    .    (no shield)
rNeg    . . .      Spirit   .    j - +0 plate armour
rPois   .          Reflect  .    f - +0 helmet
rElec   .          Rampage  .    (no cloak)
rCorr   .                        (no gloves)
Will    .....                    g - +0 pair of boots Stlth
                                 (no amulet)
HPRegen 0.28/turn                (no ring)
MPRegen 0.10/turn                (no ring)

@: no status effects
A: foul stench 1, powered by death 1, weakness stinger 1, demonic touch 1
a: no special abilities


You were on level 4 of the Dungeon.
You visited 1 branch of the dungeon, and saw 4 of its levels.

You collected 181 gold pieces.
You spent 89 gold pieces at shops.

Inventory:

Hand Weapons
 a - a +0 long sword of chaos (weapon)
Missiles
 e - 17 stones
 t - a poisoned dart (quivered)
Armour
 d - a +0 robe of cold resistance
 f - a +0 helmet (worn)
 g - a +0 pair of boots (worn)
 j - a +0 plate armour (worn)
Jewellery
 o - an amulet of magic regeneration
Wands
 h - a wand of flame (15)
Scrolls
 i - 2 scrolls of teleportation
 m - a scroll of magic mapping
 p - a scroll of summoning {unknown}
 r - a scroll of enchant weapon {unknown}
Potions
 b - a potion of ambrosia
 c - 2 potions of curing
 k - a potion of attraction
 l - 2 potions of invisibility
 n - a potion of resistance {unknown}
 q - a potion of berserk rage
 s - a potion of flight {unknown}


   Skills:
 - Level 3.0 Fighting
 + Level 3.8 Long Blades
 - Level 1.0 Throwing
 - Level 3.0 Armour
 * Level 2.2 Dodging
 - Level 1.0 Stealth
 - Level 2.6 Shields
 * Level 4.3 Unarmed Combat
 - Level 1.0 Evocations


You had 6 spell levels left.
You didn't know any spells.
Your spell library was empty.

Dungeon Overview and Level Annotations

Branches:
Dungeon (4/15)
 Temple: D:4-7

Altars:
Makhleb

Shops:
D:1 =   D:4 *


Innate Abilities, Weirdness & Mutations

You may rarely emit foul miasma when damaged in melee.
You regenerate a little health from kills.
You have a small tail.
Your touch may inflict minor irresistible damage on your foes.


Message History

The orc looks even sicker.
The orc is moderately wounded.
You feel sick.
You barely miss the orc. You tail-slap the orc.
You kill the orc!
You feel sick.
You slash the kobold!
You feel better.
You kill the kobold!
You feel sick.
You start resting.
You feel sick.
You are no longer poisoned.
You start resting.
An orc priest comes into view. It is wielding a +0 flail.
Items here: ( )))) [ ††††.
There is an open door here.
Items here: ( )) †.
The orc priest mumbles some strange prayers to Beogh against you.
You struggle to resist.
You see here 2 poisoned darts.
The orc priest hits you but does no damage.
You hit the orc priest but do no damage.
The orc priest suddenly seems more resistant.
The orc priest hits you but does no damage.
You slash the orc priest!
The orc priest is severely wounded.
The orc priest hits you but does no damage.
The orc priest invokes the aid of Beogh against you.
Pain shoots through your body!
* * * LOW HITPOINT WARNING * * *
You hit the orc priest.
The orc priest seems to speed up.
The orc priest is almost dead.
The orc priest mumbles some strange prayers to Beogh against you.
Beogh smites you!
* * * LOW HITPOINT WARNING * * *
Unknown command.
You feel better.
The orc priest hits you but does no damage.
The orc priest calls down the wrath of Beogh upon you.
Beogh smites you!
You die...

.#..........#
.#..........#
............#
##..........#####
................#
.#..........###)#
.#........#####(#####
....#######....(....#
#........##.8..8@.8.#
#........##.....o...#
.........###'##'##'##
#........# ## .#. ##
#........# .# .
#........# .# #
########## #. #


You could see an orc priest (fast, resistant).

Vanquished Creatures
  Sigmund (D:3)
  2 scorpions (D:4)
  A hound (D:4)
  An orc wizard (D:4)
  7 adders
  2 ufetubi (D:4)
  4 worms
  2 dart slugs
  8 orcs
  12 endoplasms
  4 giant cockroaches
  5 goblins
  11 hobgoblins
  2 jackals (D:1)
  7 kobolds
  2 quokkas
  5 ball pythons
  4 bats
  4 frilled lizards
  14 rats
98 creatures vanquished.

Vanquished Creatures (others)
  10 plants (D:3)
10 creatures vanquished.

Grand Total: 108 creatures vanquished

Notes
Turn   | Place    | Note
-------+----------+-------------------------------------------
     0 | D:1      | IdlyInterested the Demonspawn Fighter began the quest for
                  | the Orb.
     0 | D:1      | Reached XP level 1. HP: 18/18 MP: 1/1
   218 | D:1      | Discovered your monstrous ancestry.
   218 | D:1      | Gained mutation: Your touch may inflict minor irresistible
                  | damage on your foes. [demonic ancestry]
   218 | D:1      | Reached XP level 2. HP: 24/24 MP: 2/2
   376 | D:1      | Found Duxkolic's One-of-a-Kind Rings.
   445 | D:1      | Reached skill level 1 in Throwing
   507 | D:1      | Gained mutation: You may rarely emit foul miasma when
                  | damaged in melee. [demonic ancestry]
   507 | D:1      | Reached XP level 3. HP: 28/29 MP: 3/3
   674 | D:2      | Reached skill level 1 in Unarmed Combat
  1001 | D:2      | Identified the +0 ring mail of Ajiask {Harm}
  1611 | D:3      | Reached skill level 1 in Stealth
  1803 | D:3      | Reached XP level 4. HP: 25/35 MP: 4/4
  2095 | D:3      | Noticed Sigmund
  2114 | D:3      | Killed Sigmund
  2115 | D:3      | Reached skill level 3 in Unarmed Combat
  2115 | D:3      | Reached skill level 1 in Evocations
  2115 | D:3      | Reached XP level 5. HP: 17/41 MP: 5/5
  2309 | D:4      | Reached skill level 1 in Dodging
  2309 | D:4      | Gained mutation: You regenerate a little health from kills.
                  | [demonic ancestry]
  2309 | D:4      | Reached XP level 6. HP: 30/47 MP: 6/6
  2496 | D:4      | Found a burning altar of Makhleb.
  2690 | D:4      | Found Goatuer's Assorted Antiques.
  2704 | D:4      | Bought an emerald potion for 27 gold pieces
  2704 | D:4      | Bought a scroll of identify for 62 gold pieces
  2789 | D:4      | Reached skill level 4 in Unarmed Combat
  2820 | D:4      | Gained mutation: You have a small tail. [demonic ancestry]
  2820 | D:4      | Reached XP level 7. HP: 24/52 MP: 7/7
  2874 | D:4      | HP: 1/52 [orc priest/divine providence (15)]
  2875 | D:4      | Killed from afar by an orc priest

Illustrated notes

Levels and vault maps discovered:
D:1:      minmay_arrival_open_corners, layout_basic, nicolae_shop_unique_rings,
          hangedman_decor_growths, chequers_serial_rivers_micro_c
D:2:      layout_loops_cross, serial_forest, infiniplex_forest_fountain,
          infiniplex_forest_clump_tiny, infiniplex_forest_3_way,
          infiniplex_forest_clump_medium, infiniplex_forest_straight_3,
          infiniplex_forest_clump_diagonal, infiniplex_forest_straight_2
D:3:      layout_basic, serial_bayou_lagoon_a, uniq_sigmund
D:4:      minmay_chambers_of_threes, layout_rooms, makhleb_heckhound_becter,
          serial_shops, nicolae_shop_crystal, corexii_leaking_fountain

Skill      XL: |  1  2  3  4  5  6 |
---------------+-------------------+-----
Long Blades    | 2 3 |  3.8
Armour         | 3 |  3.0
Throwing       | 1 |  1.0
Unarmed Combat | 1 3 4 |  4.3
Stealth        | 1 |  1.0
Evocations     | 1 |  1.0
Dodging        | 1 2 |  2.2
Fighting       | |  3.0
Shields        | |  2.6

Action                     |  1- 3 |  4- 6 |  7- 9 || total
---------------------------+-------+-------+-------++-------
  Melee: Long sword        |    96 |   115 |     5 ||   216
         Touch             |    11 |    22 |       ||    33
         Punch             |       |     1 |       ||     1
         Tailslap          |       |       |     1 ||     1
  Throw: Dart              |       |       |     5 ||     5
    Use: Scroll            |     5 |     5 |       ||    10
         Potion            |       |     1 |     1 ||     2
 Armour: Scale mail        |    40 |       |       ||    40
         Plate armour      |    19 |   102 |     4 ||   125
  Dodge: Dodged            |    38 |    29 |       ||    67
  Block: Buckler           |     3 |       |       ||     3

Table legend: (Time is in decaauts)
 A = Elapsed time spent in this place.
 B = Non-inter-level travel time spent in this place.
 C = Inter-level travel time spent in this place.
 D = Time resting spent in this place.
 E = Time spent auto-exploring this place.
 F = Levels seen in this place.
 G = Mean time per level.
                   A        B        C        D        E       F      G
               +--------+--------+--------+--------+--------+-----+--------+
         Total |   2949 |   2515 |    434 |    205 |   1404 |   4 |  737.2 |
       Dungeon |   2949 |   2515 |    434 |    205 |   1404 |   4 |  737.2 |
               +--------+--------+--------+--------+--------+-----+--------+

Top non-repeatable levels by time:
     D:2: 951 daAuts
     D:1: 790 daAuts
     D:3: 671 daAuts
     D:4: 537 daAuts
